 Dungeon Crawl Stone Soup version 0.29-a0-378-gc08b2e8bf8 (webtiles) character file.

Game seed: 925876126689545691

22 KateP the Skirmisher (level 2, 0/27 HPs)
             Began as a Minotaur Fighter on May 5, 2022.
             Succumbed to a goblin's poison
             ... on level 2 of the Dungeon.
             The game lasted 00:00:31 (596 turns).

KateP the Skirmisher (Minotaur Fighter)              Turns: 596, Time: 00:00:31

Health: 0/27       AC:  7    Str: 20    XL:     2   Next: 68%
Magic:  1/1        EV:  9    Int:  5    God:
Gold:   22         SH:  4    Dex:  9    Spells: 1/1 levels left

rFire   . . .      SeeInvis .   a - +0 war axe
rCold   . . .      Faith    .   c - +0 buckler
rNeg    . . .      Spirit   .   b - +0 scale mail
rPois   .          Reflect  .   (helmet restricted)
rElec   .          Harm     .   (no cloak)
rCorr   .          Rampage  .   (no gloves)
Will    .....                   (no boots)
Stlth   ..........              (no amulet)
HPRegen 0.09/turn               (no ring)
MPRegen 0.07/turn               (no ring)

@: lethally poisoned (0 -> -7)
A: horns 2, retaliatory headbutt
a: no special abilities


You were on level 2 of the Dungeon.
You visited 1 branch of the dungeon, and saw 2 of its levels.

You collected 22 gold pieces.

Inventory:

Hand Weapons
 a - a +0 war axe (weapon)
Armour
 b - a +0 scale mail (worn)
 c - a +0 buckler (worn)
Jewellery
 f - a +4 ring of protection
Scrolls
 e - a scroll of identify {unknown}
Potions
 d - a potion of might


   Skills:
 + Level 4.0 Fighting
 * Level 3.3 Axes
 + Level 4.0 Armour
 - Level 3.6 Shields


You had one spell level left.
You didn't know any spells.
Your spell library was empty.

Dungeon Overview and Level Annotations

Branches:
Dungeon (1/15)

Altars:

Annotations:
D:2 Robin


Innate Abilities, Weirdness & Mutations

You have a pair of horns on your head.
You reflexively headbutt those who attack you in melee.


Message History

You block the goblin's attack. The goblin barely misses you.
You furiously retaliate!
You headbutt the goblin.
Robin of the Strong Arm comes into view.
They are wielding a +0 dagger.
You slash the goblin!
You kill the goblin!
You barely miss the goblin.
You feel sick. The goblin hits you but does no damage.
The goblin closely misses you.
Your Fighting skill increases to level 4!
You miss the goblin.
You feel sick. The goblin hits you but does no damage.
Robin throws the goblin at you! The goblin hits you with a +0 club.
You are too injured to fight recklessly!
You hit the goblin.
The goblin is moderately wounded.
You closely miss the goblin.
You feel sick.
You are no longer poisoned.
The goblin barely misses you. You block the goblin's attack.
You closely miss the goblin.
The goblin is moderately wounded.
You hit the goblin.
You kill the goblin!
The goblin closely misses you. The goblin hits you with a +0 club.
* * * LOW HITPOINT WARNING * * *
A hobgoblin comes into view.
Your Armour skill increases to level 4!
The hobgoblin shouts!
You hear a shout!
The goblin hits you with a +0 club.
* * * LOW HITPOINT WARNING * * *
A goblin comes into view. It is wielding a +0 dagger.
You see here a +0 club.
The goblin attacks as you move away! The goblin hits you but does no damage.
The goblin throws a poisoned dart.
The poisoned dart hits you!
You are lethally poisoned!
Robin hits you but does no damage.
* * * LOW HITPOINT WARNING * * *
You feel very sick.
* * * LOW HITPOINT WARNING * * *
You feel sick. Robin throws the goblin at you!
You hit the goblin.
You kill the goblin!
You die...

#. #g# #g# ..# #.
#.# #. #.# #.
#####.###### #.
.###.##....).....#
#.
......)@.g).####.#
#. .###..#####.#
##.## # ##
#.###...######
#.............
#.###...####.# #.#
##.## #.# ..# #.#
#.# ### #.# #.#
#.# #.#


You could see Robin.

Vanquished Creatures
  A dart slug (D:1)
  2 endoplasms
  A giant cockroach (D:1)
  6 goblins
  3 hobgoblins
  A quokka (D:1)
  A ball python (D:1)
  A bat (D:1)
  3 kobolds
19 creatures vanquished.

Notes
Turn   | Place    | Note
-------+----------+-------------------------------------------
     0 | D:1      | KateP the Minotaur Fighter began the quest for the Orb.
     0 | D:1      | Reached XP level 1. HP: 19/19 MP: 0/0
   217 | D:1      | Reached XP level 2. HP: 20/27 MP: 1/1
   467 | D:1      | You fall into a shaft and drop 1 floor!
   587 | D:2      | Noticed Robin
   596 | D:2      | Succumbed to a goblin's poison

Illustrated notes

Levels and vault maps discovered:
D:1:      amcnicky_arrival_underground_garden, layout_basic
D:2:      layout_loops_ring, serial_shops, shop,
          chequers_ecumenical_altar_twisty, uniq_robin

Skill      XL: |  1  2 |
---------------+-------+-----
Axes           | 3 |  3.3
Fighting       | 4 |  4.0
Armour         | 4 |  4.0
Shields        | |  3.6

Action                   || total
-------------------------++-------
Melee: War axe           ||    37
       Headbutt          ||     4
Armor: Scale mail        ||    19
Dodge: Dodged            ||    18
Block: Buckler           ||     6

Table legend: (Time is in decaauts)
 A = Elapsed time spent in this place.
 B = Non-inter-level travel time spent in this place.
 C = Inter-level travel time spent in this place.
 D = Time resting spent in this place.
 E = Time spent auto-exploring this place.
 F = Levels seen in this place.
 G = Mean time per level.
                   A        B        C        D        E       F      G
               +--------+--------+--------+--------+--------+-----+--------+
         Total |    610 |    610 |      0 |      0 |    505 |   2 |  305.0 |
       Dungeon |    610 |    610 |      0 |      0 |    505 |   2 |  305.0 |
               +--------+--------+--------+--------+--------+-----+--------+

Top non-repeatable levels by time:
     D:1: 476 daAuts
     D:2: 133 daAuts
